AoeStats
← ALIKOG_IR

Runestones

507436856Analyzed
1v1 RM · 14d ago on Sep 18, 2026· 44m 42s· 2 players
Game mode
Random Map
Map size
Tiny (2 player)
Population
200
Speed
Normal
Resources
Standard
Victory
Conquest
Starting age
Dark Age
Ending age
Imperial Age
RankedLock teamsTeams togetherTeam positionsShared explorationLock speedFull tech treeHidden civsTurbo modeCheats
Victory
Defeat
🇦🇷 Ethiopians · Argentina
1382
+18
🇧🇷 Sicilians · Brazil
1431
-18
ALIKOG_IR
7:03 Loom
9:13 Feudal Age
9:21 Man-at-Arms
9:59 Double-Bit Axe
12:33 Horse Collar
14:43 Arson
15:26 Scale Mail Armor
16:35 Forging
24:43 Castle Age
23:32 Gold Mining
23:34 Stone Mining
25:03 Long Swordsman
26:21 Iron Casting
26:02 Chain Mail Armor
25:53 Squires
26:19 Bow Saw
28:58 Wheelbarrow
31:46 Royal Heirs
32:53 Hand Cart
32:24 Town Watch
33:17 Heavy Plow
39:33 Imperial Age
39:49 Elite Shotel Warrior
40:52 Conscription
41:30 Plate Mail Armor
43:16 Blast Furnace
vatreides1
5:58 Loom
9:18 Feudal Age
10:58 Double-Bit Axe
16:50 Fletching
18:03 Scale Mail Armor
24:28 Castle Age
23:10 Horse Collar
25:55 Chain Mail Armor
28:08 Forging
29:31 Heavy Plow
29:50 Town Watch
31:22 Bodkin Arrow
32:42 Wheelbarrow
32:46 Squires
34:56 Bow Saw
38:31 Imperial Age
38:46 Murder Holes
39:57 Bracer
41:16 Plate Mail Armor
42:18 First Crusade
42:52 Elite Serjeant
Connection lost

Rejoining the realm…

Still unreachable

The connection could not be restored.

Session expired

The server has moved on; the page needs a fresh start.